Map: Romanticide LE

Players

A.I. 1 (Very Easy)

  • Race: Zerg Zerg
  • Spawn Location: 11:00

ancientone - Winner!

  • Race: Terran Terran
  • Spawn Location: 5:00

VOD

Have the link to the VOD?

Description

Time

  • Played on: Nov. 6, 2020, 5:03 p.m.
  • Length: 13:30
Show
View Real Time Build Order
Export as new Build Order

A.I. 1 (Very Easy) Zerg 

Build Orders: Pool First 

Get SALT Encoding   

  12  0:00  Drone  
  13  0:12  Overlord  
  13  0:16  Drone  
  14  0:34  Spawning Pool  
  13  0:37  Drone  
  13  0:41  Extractor  
  13  0:44  Drone  
  14  0:51  Overlord  
  14  1:21  Queen  
  14  1:23  Zergling x2  
  17  1:29  Roach Warren  
  17  1:31  Extractor  
  15  1:34  Drone  
  16  1:41  Drone  
  17  1:49  Zergling x2  
  18  2:01  Drone  
  19  2:08  Drone  
  20  2:16  Zergling x2  
  20  2:17  Drone  
  22  2:28  Overlord  
  22  2:32  Drone  
  23  2:39  Drone  
  23  2:42  Roach  
  26  2:50  Drone  
  27  6:14  Zergling x2  
  27  7:12  Lair, Overlord, Drone  
  28  7:19  Drone  
  28  7:21  Hatchery  
  28  7:26  Drone  
  29  7:33  Drone  
  30  7:40  Drone  
  29  7:45  Zergling x2  
  27  8:09  Overseer  
  27  8:10  Overseer  
  27  8:11  Spire  
  26  8:34  Drone  
  28  8:41  Drone  
  28  8:44  Extractor  
  28  8:48  Extractor, Drone  
  28  8:55  Drone  
  29  9:02  Drone  
  29  9:10  Drone  
  30  9:17  Drone  
  30  9:24  Mutalisk, Drone  
  34  9:31  Drone  
  35  9:38  Drone  
  36  9:45  Drone  
  37  9:53  Drone  
  38  10:00  Drone  
  38  10:03  Overseer, Overlord  
  39  10:07  Drone  
  39  10:08  Mutalisk  
  42  10:14  Drone  
  43  10:21  Drone  
  44  10:28  Drone  
  44  10:30  Overlord  
  45  10:36  Drone  
  46  10:43  Drone  
  47  12:22  Mutalisk  
  46  12:23  Overseer, Overlord  
  42  12:30  Drone  
  30  12:37  Drone  
  22  12:45  Drone  
  23  12:51  Roach  
  23  12:52  Drone  
  22  12:59  Overlord, Drone  
  23  13:06  Overseer, Drone  
Show
View Real Time Build Order
Export as new Build Order

ancientone Terran - Winner!

Build Orders: 2 Factory, Mech 

Get SALT Encoding   

  12  0:00  SCV  
  13  0:13  SCV  
  14  0:17  Supply Depot  
  14  0:25  SCV  
  15  0:38  SCV  
  15  0:41  Barracks  
  16  0:51  SCV  
  16  0:53  Refinery  
  17  1:03  SCV  
  18  1:15  SCV  
  19  1:27  SCV  
  20  1:38  Command Center  
  20  1:39  SCV  
  21  1:51  SCV  
  21  1:53  Refinery  
  21  1:54  Supply Depot  
  22  1:58  Marine  
  23  2:12  Factory  
  23  2:15  SCV  
  24  2:25  Barracks Reactor  
  24  2:34  SCV  
  25  2:46  Orbital Command  
  25  2:56  Orbital Command  
  25  3:18  Factory  
  25  3:21  SCV  
  25  3:22  SCV  
  27  3:28  Refinery  
  27  3:32  Barracks Tech Lab  
  27  3:33  SCV  
  29  3:34  SCV  
  29  3:36  Hellion x2  
  33  3:45  SCV  
  33  3:46  SCV  
  35  3:54  Command Center  
  35  3:57  SCV  
  35  3:58  SCV  
  37  4:06  Supply Depot  
  37  4:09  SCV, Hellion x2  
  42  4:10  SCV  
  43  4:25  Siege Tank  
  46  4:32  Hellion x2  
  50  4:41  Engineering Bay  
  50  4:42  SCV  
  50  4:43  SCV  
  52  4:47  Supply Depot  
  52  4:54  SCV  
  52  4:55  SCV  
  52  4:56  Refinery  
  54  5:06  Factory  
  54  5:07  Factory  
  54  5:08  Factory  
  54  5:13  Factory  
  54  5:16  Hellion x2  
  54  5:18  Siege Tank  
  61  5:32  SCV x2  
  63  5:44  SCV x2  
  63  5:45  Missile Turret  
  65  5:56  SCV x2  
  67  6:08  SCV  
  67  6:10  Factory Tech Lab x2  
  68  6:16  Factory Tech Lab x2  
  68  6:34  Supply Depot  
  68  6:39  Command Center  
  68  6:45  SCV, Armory  
  68  6:46  SCV  
  70  6:52  Orbital Command  
  70  6:58  SCV x2  
  72  7:03  Supply Depot  
  72  7:04  Supply Depot  
  72  7:10  SCV x2  
  74  7:22  SCV x2  
  76  7:23  SCV  
  77  7:34  SCV  
  77  7:35  SCV x2  
  80  7:38  Thor x2  
  80  7:39  Thor  
  98  7:49  Command Center  
  98  7:51  SCV, Thor x2  
  108  7:52  SCV x2  
  111  8:00  Supply Depot  
  111  8:02  Refinery  
  111  8:03  SCV  
  111  8:04  SCV x2, Refinery  
  114  8:15  Supply Depot  
  114  8:16  SCV x2, Supply Depot  
  114  8:18  Supply Depot  
  116  8:21  SCV  
  116  8:22  Hellion x2  
  121  8:28  SCV  
  122  8:40  Thor  
  122  8:41  Thor x3  
  134  8:44  Hellion  
  148  8:50  Supply Depot  
  148  8:51  Supply Depot  
  148  8:52  Supply Depot, Neosteel Armor  
  148  8:55  Terran Vehicle Weapons Level 1  
  148  9:01  Armory, Hellion, Thor  
  156  9:17  SCV x3  
  157  9:18  SCV  
  160  9:29  SCV  
  161  9:37  SCV  
  161  9:38  SCV  
  164  9:40  Planetary Fortress  
  164  9:44  Thor x3  
  181  10:07  Refinery  
  181  10:11  Supply Depot  
  181  10:13  Supply Depot  
  181  10:14  Hellion x2  
  185  10:22  Infernal Pre-Igniter  
  185  10:27  SCV  
  185  10:28  SCV  
  187  10:33  SCV x2, Thor  
  187  10:34  Supply Depot  
  195  10:36  Terran Vehicle And Ship Armor Level 1  
  195  10:39  SCV  
  195  10:40  SCV  
  197  10:44  Refinery  
  197  10:45  SCV  
  198  10:50  Planetary Fortress  
  200  11:18  Hellion  
  200  11:25  Hi-Sec Auto Tracking  
  200  11:51  Factory x2  
  200  11:53  Factory x2  
  200  11:56  Factory  
  200  12:04  Missile Turret  
  200  12:08  Missile Turret  
  200  12:38  Factory Tech Lab x2  
  200  12:41  Factory Reactor  
  200  12:43  Factory Tech Lab, Factory Reactor  
Tags
 
Composition
Mech
Matchup
TvZ
Spawn Locations
Cross Positions
Add a new tag
Caveats
  • Supply blocks, unpowered buildings, or Contaminate may cause inaccurate times.
  • Supply counts are checked every 10 seconds.